 Dungeon Crawl Stone Soup version 0.30-a0-743-gbfdf073431 (webtiles) character file.

Game seed: 14886653279132119688

101 epen the Ducker (level 4, 0/34 HPs)
             Began as a Gnoll Wanderer on Feb 6, 2023.
             Splashed by a jelly's acid (1 damage)
             ... on level 3 of the Dungeon.
             The game lasted 00:02:42 (2845 turns).

epen the Ducker (Gnoll Wanderer)                    Turns: 2845, Time: 00:02:43

Health: 0/34       AC: -1    Str: 11    XL:     4   Next: 75%
Magic:  8/8        EV: 14    Int:  9    God:
Gold:   132        SH:  0    Dex: 16    Spells: 8/9 levels left

rFire   . . .      SeeInvis .    a - +0 dagger
rCold   . . .      Faith    .    (no shield)
rNeg    . . .      Spirit   .    d - +2 leather armour
rPois   .          Reflect  .    (no helmet)
rElec   .          Harm     .    (no cloak)
rCorr   .          Rampage  .    s - +0 pair of gloves
Will    .....                    (no boots)
Stlth   ++                       (no amulet)
HPRegen 0.25/turn                (no ring)
MPRegen 0.11/turn                (no ring)

@: corroded
A: fangs 1, strong nose, distributed training
a: no special abilities


You were on level 3 of the Dungeon.
You visited 1 branch of the dungeon, and saw 3 of its levels.

You collected 132 gold pieces.

Inventory:

Hand Weapons
 a - a +0 dagger (weapon)
 o - a +1 war axe of holy wrath
Missiles
 t - 28 poisoned darts
Armour
 d - a +2 leather armour (worn)
 s - a +0 pair of gloves (worn)
Scrolls
 j - a scroll of silence {unknown}
 l - 4 scrolls of identify {unknown}
 m - a scroll of noise {unknown}
 p - a scroll of acquirement {unknown}
 q - a scroll of enchant weapon {unknown}
 r - a scroll of magic mapping {unknown}
Potions
 b - a potion of attraction
 c - 3 potions of curing
 e - a potion of degeneration {unknown}
 f - a potion of cancellation {unknown}
 g - 2 potions of lignification {unknown}
 h - a potion of mutation {unknown}
 i - a potion of flight {unknown}
 k - 2 potions of brilliance {unknown}
 n - a potion of berserk rage {unknown}


   Skills:
 + Level 2.8 Fighting
 + Level 1.2 Short Blades
 + Level 1.2 Long Blades
 + Level 1.2 Axes
 + Level 1.2 Maces & Flails
 + Level 1.2 Polearms
 + Level 1.2 Staves
 + Level 1.2 Ranged Weapons
 + Level 4.7 Throwing
 + Level 1.2 Armour
 + Level 6.6 Dodging
 + Level 1.2 Stealth
 + Level 1.2 Shields
 + Level 1.2 Unarmed Combat
 + Level 3.0 Spellcasting
 + Level 2.3 Conjurations
 + Level 1.0 Hexes
 + Level 1.0 Summonings
 + Level 1.0 Necromancy
 + Level 1.0 Translocations
 + Level 1.0 Transmutations
 + Level 1.0 Fire Magic
 + Level 1.0 Ice Magic
 + Level 1.0 Air Magic
 + Level 1.0 Earth Magic
 + Level 1.0 Poison Magic
 + Level 2.9 Invocations
 + Level 2.8 Evocations


You had 8 spell levels left.
You knew the following spells:

 Your Spells              Type           Power      Damage    Failure   Level
a - Magic Dart            Conj           20%        1d4       16%         1

Your spell library contained the following spells:

 Spells                   Type           Power      Damage    Failure   Level
 Ensorcelled Hibernation  Hex/Ice        6%         N/A       36%         2
 Dazzling Flash           Conj/Hex       8%         N/A       52%         3
 Spider Form              Tmut/Pois      3%         N/A       61%         3
 Anguish                  Hex/Necr       1%         N/A       95%         4


Dungeon Overview and Level Annotations

Branches:
Dungeon (3/15)

Altars:


Innate Abilities, Weirdness & Mutations

You have very sharp teeth.
Your uncanny sense of smell can sniff out nearby items.
Your experience applies equally to all skills.


Message History

You are frozen.
You hit the endoplasm.
You kill the endoplasm!
You hit the endoplasm. You punch the endoplasm.
You kill the endoplasm! 5 endoplasms and 2 jellies come into view.
Found four items.
There is an open door here.
You hit the jelly. The acid corrodes you!
Your hands burn!
The jelly is moderately wounded.
The jelly misses you.
You hit the jelly.
Your hands burn!
The jelly is moderately wounded.
The jelly closely misses you.
You hit the jelly but do no damage.
Your hands burn!
The jelly is moderately wounded.
The jelly hits you. The acid corrodes you!
You are splashed with acid.
You are too injured to fight recklessly!
You are too injured to fight recklessly!
You are too injured to fight recklessly!
You are too injured to fight recklessly!
You are too injured to fight recklessly!
You are too injured to fight recklessly!
You are too injured to fight recklessly!
You are too injured to fight recklessly!
You are too injured to fight recklessly!
You are too injured to fight recklessly!
You are too injured to fight recklessly!
You are too injured to fight recklessly!
You are too injured to fight recklessly!
You are too injured to fight recklessly!
You are too injured to fight recklessly!
You hit the jelly but do no damage.
Your hands burn!
The jelly is moderately wounded.
The jelly hits you.
* * * LOW HITPOINT WARNING * * *
The acid corrodes you!
You are splashed with acid!
* * * LOW HITPOINT WARNING * * *
You hit the jelly but do no damage.
Your hands burn!
You die...

.# ##...## #.#.##.# .# #####
###.##.# .# ### #..##.# )##
#######.##.J..J[##.###.#
).#######....#.#.#..P.÷P##.###.#
.#.#..##.....#.#.#..J÷..##.....#
.##...'......#'#.#..÷...##.#####
.#....'........#)#..JJ..##.#
......'....(...#@#..÷.PP##.#
##....##.......#J#÷.J..J####
##...###......##'.P.P.P# ##.#..#
##########......# ..##### #####
####### ### #...## ###### #.##.#
.....# #.##.# ######### #
####.#####.##'######.......# ##


You could see a jelly.

Vanquished Creatures
  5 adders
  7 ball pythons
  3 bats
  4 endoplasms (D:3)
  2 giant cockroaches (D:2)
  8 hobgoblins
  13 kobolds
  A quokka (D:2)
  4 frilled lizards
  2 goblins
  7 rats
56 creatures vanquished.

Vanquished Creatures (others)
  6 toadstools (D:3)
6 creatures vanquished.

Grand Total: 62 creatures vanquished

Notes
Turn   | Place    | Note
-------+----------+-------------------------------------------
     0 | D:1      | epen the Gnoll Wanderer began the quest for the Orb.
     0 | D:1      | epen set off with the following items: a +0 dagger, a
                  | potion of attraction, a potion of curing, a +2 leather
                  | armour; and the following spell memorised: Magic Dart; and
                  | the following spells available to memorise: Dazzling Flash.
     0 | D:1      | Reached XP level 1. HP: 17/17 MP: 4/4
   362 | D:1      | Reached XP level 2. HP: 21/23 MP: 5/5
   948 | D:2      | Reached XP level 3. HP: 23/28 MP: 7/7
  1190 | D:2      | Reached skill level 1 in Short Blades
  1190 | D:2      | Reached skill level 1 in Long Blades
  1190 | D:2      | Reached skill level 1 in Axes
  1190 | D:2      | Reached skill level 1 in Maces & Flails
  1190 | D:2      | Reached skill level 1 in Polearms
  1190 | D:2      | Reached skill level 1 in Staves
  1190 | D:2      | Reached skill level 1 in Ranged Weapons
  1190 | D:2      | Reached skill level 1 in Armour
  1190 | D:2      | Reached skill level 1 in Stealth
  1190 | D:2      | Reached skill level 1 in Shields
  1190 | D:2      | Reached skill level 1 in Unarmed Combat
  1730 | D:2      | Reached XP level 4. HP: 32/34 MP: 2/8
  2490 | D:3      | Reached skill level 1 in Hexes
  2490 | D:3      | Reached skill level 1 in Summonings
  2490 | D:3      | Reached skill level 1 in Necromancy
  2490 | D:3      | Reached skill level 1 in Translocations
  2490 | D:3      | Reached skill level 1 in Transmutations
  2490 | D:3      | Reached skill level 1 in Fire Magic
  2490 | D:3      | Reached skill level 1 in Ice Magic
  2490 | D:3      | Reached skill level 1 in Air Magic
  2490 | D:3      | Reached skill level 1 in Earth Magic
  2490 | D:3      | Reached skill level 1 in Poison Magic
  2844 | D:3      | HP: 1/34 [acid (9)]
  2845 | D:3      | Splashed by a jelly's acid

Illustrated notes

Levels and vault maps discovered:
D:1:      minmay_arrival_stair_chambers, layout_basic
D:2:      layout_loops_corners, grunt_ministairs_1
D:3:      cheibrodos_fertilizer, layout_loops_corners,
          mainiacjoe_overflow_alcove_4, kennysheep_generic_room_14

Skill      XL: |  1  2  3  4 |
---------------+-------------+-----
Conjurations   | 2 |  2.3
Short Blades   | 1 |  1.2
Long Blades    | 1 |  1.2
Axes           | 1 |  1.2
Maces & Flails | 1 |  1.2
Polearms       | 1 |  1.2
Staves         | 1 |  1.2
Ranged Weapons | 1 |  1.2
Armour         | 1 |  1.2
Stealth        | 1 |  1.2
Shields        | 1 |  1.2
Unarmed Combat | 1 |  1.2
Spellcasting   | 3 |  3.0
Hexes          | 1 |  1.0
Summonings     | 1 |  1.0
Necromancy     | 1 |  1.0
Translocations | 1 |  1.0
Transmutations | 1 |  1.0
Fire Magic     | 1 |  1.0
Ice Magic      | 1 |  1.0
Air Magic      | 1 |  1.0
Earth Magic    | 1 |  1.0
Poison Magic   | 1 |  1.0
Fighting       | |  2.8
Throwing       | |  4.7
Dodging        | |  6.6
Invocations    | |  2.9
Evocations     | |  2.8

Action                     |  1- 3 |  4- 6 || total
---------------------------+-------+-------++-------
  Melee: Dagger            |   195 |    78 ||   273
         Bite              |    16 |     6 ||    22
         Punch             |     1 |     3 ||     4
   Cast: Magic Dart        |    10 |     6 ||    16
   Stab: Sleeping          |     2 |     2 ||     4
 Armour: Leather armour    |    68 |    13 ||    81
  Dodge: Dodged            |   146 |    47 ||   193

Table legend: (Time is in decaauts)
 A = Elapsed time spent in this place.
 B = Non-inter-level travel time spent in this place.
 C = Inter-level travel time spent in this place.
 D = Time resting spent in this place.
 E = Time spent auto-exploring this place.
 F = Levels seen in this place.
 G = Mean time per level.
                   A        B        C        D        E       F      G
               +--------+--------+--------+--------+--------+-----+--------+
         Total |   2835 |   2784 |     51 |     33 |   2261 |   3 |  945.0 |
       Dungeon |   2835 |   2784 |     51 |     33 |   2261 |   3 |  945.0 |
               +--------+--------+--------+--------+--------+-----+--------+

Top non-repeatable levels by time:
     D:2: 1092 daAuts
     D:3: 1001 daAuts
     D:1: 740 daAuts
